 Dungeon Crawl Stone Soup version 0.28.0-53-g5a82cb258f (webtiles) character file.

Game seed: 14474723320127521964

1300 moldycheese5 the Reanimator (level 8, 0/44 HPs)
             Began as a Deep Elf Necromancer on June 17, 2022.
             Slain by an ogre
             ... wielding a +0 giant club
              (13 damage)
             ... on level 6 of the Dungeon.
             The game lasted 00:22:11 (7557 turns).

moldycheese5 the Reanimator (Deep Elf Necromancer)  Turns: 7557, Time: 00:22:15

Health: 0/44       AC:  8    Str:  5    XL:     8   Next: 31%
Magic:  17/22      EV:  2    Int: 23    God:
Gold:   231        SH:  0    Dex: -1 (15) Spells: 14/23 levels left

rFire   . . .      SeeInvis .   z - +2 flail (drain)
rCold   x . .      Faith    .   (no shield)
rNeg    . . .      Spirit   .   g - +4 leather armour "Giuskik" {rElec rPois rC- Regen+}
rPois   +          Reflect  .   (no helmet)
rElec   +          Harm     .   (no cloak)
rCorr   .          Rampage  .   (no gloves)
Will    .....                   j - +0 pair of boots
Stlth   ..........              w - amulet of magic regeneration
HPRegen 0.94/turn               i - ring of poison resistance
MPRegen 0.58/turn               (no ring)

@: slowed, lost dexterity, very slow
A: no striking features
a: no special abilities


You were on level 6 of the Dungeon.
You visited 1 branch of the dungeon, and saw 6 of its levels.
You also visited: Sewer.

You collected 231 gold pieces.

Inventory:

Hand Weapons
 z - a +2 flail of draining (weapon)
Armour
 a - a +0 robe
 g - the +4 leather armour "Giuskik" (worn) {rElec rPois rC- Regen+}
   (You took it off a hobgoblin on level 2 of the Dungeon)

   rC:        It makes you vulnerable to cold.
   rElec:     It insulates you from electricity.
   rPois:     It protects you from poison.
   Regen:     It increases your rate of health regeneration.
 j - a +0 pair of boots (worn)
 A - a +0 pair of gloves
Jewellery
 i - a ring of poison resistance (left hand)
 s - an amulet of reflection
 w - an amulet of magic regeneration (around neck)
 y - a +6 ring of dexterity
Scrolls
 c - a scroll of silence {unknown}
 f - a scroll of blinking {unknown}
 h - 6 scrolls of teleportation
 k - a scroll of fog {unknown}
 l - a scroll of fear {unknown}
 m - 2 scrolls of noise
 n - a scroll of enchant weapon {unknown}
 t - a scroll of magic mapping {unknown}
Potions
 b - 5 potions of curing
 d - a potion of lignification {unknown}
 e - 2 potions of berserk rage {unknown}
 o - a potion of magic {unknown}
 p - a potion of brilliance {unknown}
 q - 2 potions of ambrosia
 r - a potion of cancellation {unknown}
 u - a potion of degeneration {unknown}
 v - 3 potions of heal wounds
 x - a potion of attraction {unknown}


   Skills:
 + Level 2.0 Fighting
 + Level 1.3 Maces & Flails
 + Level 1.8 Armour
 + Level 4.4 Dodging
 + Level 2.9 Stealth
 + Level 1.3 Unarmed Combat
 + Level 8.2 Spellcasting
 + Level 8.3 Necromancy


You had 14 spell levels left.
You knew the following spells:

 Your Spells              Type           Power      Damage    Failure   Level
a - Pain                  Necr           100%       1d9       1%          1
b - Vampiric Draining     Necr           48%        2d9       1%          3
c - Animate Skeleton      Necr           96%        N/A       1%          1
d - Animate Dead          Necr           24%        N/A       3%          4

Your spell library contained the following spells:

 Spells                   Type           Power      Damage    Failure   Level
 Agony                    Necr           48%        N/A       10%         5
 Confusing Touch          Hex            9%         N/A       32%         3
 Cause Fear               Hex            4%         N/A       73%         4
 Yara's Violent Unravell  Hex/Tmut       4%         3d4       97%         5
 Dragon Form              Tmut           4%         N/A       100%        7
 Enfeeble                 Hex            4%         N/A       100%        7
 Dragon's Call            Summ           4%         N/A       100%        9


Dungeon Overview and Level Annotations

Branches:
Dungeon (6/15)              Sewer (visited)
 Temple: D:4-7

Altars:
Nemelex Xobeh
Ru

Shops:
D:3 =


Message History

The centaur skeleton is severely damaged.
The centaur skeleton hits you.
The centaur skeleton kicks you but does no damage.
The centaur skeleton hits you but does no damage.
The centaur skeleton kicks you but does no damage.
The centaur skeleton hits you.
The centaur skeleton kicks you but does no damage.
You hit the centaur skeleton.
The centaur skeleton is severely damaged.
The centaur skeleton hits you but does no damage.
The centaur skeleton completely misses you.
The centaur skeleton hits you but does no damage.
The centaur skeleton kicks you but does no damage.
The centaur skeleton completely misses you.
The centaur skeleton kicks you but does no damage.
You hit the centaur skeleton. You punch the centaur skeleton.
You destroy the centaur skeleton!
An ogre comes into view. It is wielding a +0 giant club.
An ogre is nearby!
An ogre is nearby!
An ogre is nearby!
An ogre is nearby!
The ogre writhes in agony.
The ogre hits you with a +0 giant club!
The ogre writhes in agony.
The ogre hits you with a +0 giant club!
* * * LOW HITPOINT WARNING * * *
You are too injured to fight recklessly!
You are too injured to fight recklessly!
You are too injured to fight recklessly!
Aiming: Vampiric Draining (safe; 1% risk of failure)
Press: ? - help, Q - select action, (/) - cycle Shift-Dir - straight line, f/p - ogre
Aim: an ogre, wielding a +0 giant club (moderately wounded)
You draw life force from the ogre.
You feel life coursing into your body. The ogre hits you with a +0 giant club!
* * * LOW HITPOINT WARNING * * *
Aiming: Vampiric Draining (safe; 1% risk of failure)
Press: ? - help, Q - select action, (/) - cycle Shift-Dir - straight line, f/p - ogre
Aim: an ogre, wielding a +0 giant club (heavily wounded)
You draw life force from the ogre!
You feel life coursing into your body. The ogre hits you with a +0 giant club!
You die...

### #######.########
## #..
........@O...... #.
#.# #######.########
#. #.# ####.# #. #.#
#....# #. #.# #.##.#
#. #.#########.##.#
#. #.#............#
# #.
##.#########.###...#
#.#. ...#########.#
. .###########.#.


You could see an ogre.

Vanquished Creatures
  The ghost of bnorton916 the Thaumaturge, a novice DEFE (D:6)
  Eustachio (D:5)
  Edmund (D:6)
  A black bear (D:6)
  2 ogres (D:5)
  A centaur (D:6)
  A kobold brigand (D:6)
  A jelly (D:4)
  A quasit (D:6)
  A centaur skeleton (D:6)
  2 orc priests
  An iguana (D:5)
  A hound skeleton (D:5)
  6 adders
  3 river rats (Sewer)
  An adder skeleton (D:4)
  5 worms
  A dart slug (D:4)
  10 orcs
  6 endoplasms
  4 giant cockroaches
  12 goblins
  6 hobgoblins
  9 jackals
  4 quokkas
  11 ball pythons
  2 bats
  9 frilled lizards
  16 kobolds
  16 rats
136 creatures vanquished.

Notes
Turn   | Place    | Note
-------+----------+-------------------------------------------
     0 | D:1      | moldycheese5 the Deep Elf Necromancer began the quest for
                  | the Orb.
     0 | D:1      | Reached XP level 1. HP: 10/10 MP: 6/6
    89 | D:1      | Reached skill level 5 in Necromancy
   603 | D:1      | Reached XP level 2. HP: 13/15 MP: 6/8
  1014 | D:1      | Found a faded altar of an unknown god.
  1253 | D:1      | Reached XP level 3. HP: 12/19 MP: 3/10
  2553 | D:2      | Identified the +4 leather armour "Giuskik" {rElec rPois rC-
                  | Regen+}
  3361 | D:3      | Found a glowing drain.
  3393 | Sewer    | Entered a sewer
  3421 | Sewer    | Reached XP level 4. HP: 24/24 MP: 10/12
  3809 | Sewer    | Reached skill level 5 in Spellcasting
  4017 | D:3      | Reached XP level 5. HP: 21/28 MP: 8/14
  4338 | D:3      | Found Daokyx's One-of-a-Kind Rings.
  4423 | D:3      | Found a sparkling altar of Nemelex Xobeh.
  4599 | D:3      | Found a sacrificial altar of Ru.
  4981 | D:4      | Learned a level 3 spell: Vampiric Draining
  4983 | D:4      | Learned a level 1 spell: Animate Skeleton
  4988 | D:4      | Learned a level 4 spell: Animate Dead
  6156 | D:5      | Entered Level 5 of the Dungeon
  6256 | D:5      | Reached XP level 6. HP: 27/32 MP: 10/17
  6367 | D:5      | Noticed Eustachio
  6501 | D:5      | Killed Eustachio
  6502 | D:5      | Reached skill level 1 in Fighting
  6502 | D:5      | Reached skill level 1 in Unarmed Combat
  6502 | D:5      | Reached XP level 7. HP: 27/38 MP: 5/19
  6758 | D:5      | Reached skill level 1 in Armour
  7219 | D:6      | Found a transporter.
  7219 | D:6      | Noticed bnorton916's ghost (novice DEFE)
  7225 | D:6      | Noticed Edmund
  7244 | D:6      | Killed Edmund
  7371 | D:6      | Found a transporter.
  7409 | D:6      | Killed bnorton916's ghost
  7410 | D:6      | Reached skill level 1 in Maces & Flails
  7410 | D:6      | Reached XP level 8. HP: 28/44 MP: 22/22
  7452 | D:6      | Lost dexterity.
  7557 | D:6      | Slain by an ogre

Illustrated notes

Levels and vault maps discovered:
D:1:      dpeg_arrival_signposts, layout_loops_ring,
          hellmonk_ecumenical_altar_heavens_door, supply_closet_lemuel,
          st_stairs_7
D:2:      layout_loops_ring
D:3:      layout_basic, mainiacjoe_overflow_alcove_4, lemuel_crystal_altar,
          cheibrodos_sewer_entry_drain, nicolae_shop_unique_rings
D:4:      layout_layer_cave, roderic_lattice_a, minmay_vboxes
D:5:      layout_basic, serial_corexii_hall, chequers_hall_statues_wall_a,
          corexii_hall_statues_x, uniq_eustachio
D:6:      layout_basic, zin_academy, gammafunk_ghost_stat_death, serial_shops,
          shop, uniq_edmund

Skill      XL: |  1  2  3  4  5  6  7 |
---------------+----------------------+-----
Necromancy     | 5 6 7 8 |  8.3
Spellcasting   | 4 5 6 8 |  8.2
Fighting       | 1 2 |  2.0
Dodging        | 3 4 |  4.4
Unarmed Combat | 1 |  1.3
Armour         | 1 |  1.8
Maces & Flails | 1 |  1.3
Stealth        | |  2.9

Action                   |  1- 3 |  4- 6 |  7- 9 || total
-------------------------+-------+-------+-------++-------
Melee: Unarmed           |     2 |   143 |     1 ||   146
       Punch             |       |     3 |     2 ||     5
       Flail             |       |       |    76 ||    76
 Cast: Pain              |    95 |   102 |    51 ||   248
       Vampiric Draining |       |    19 |     5 ||    24
       Animate Skeleton  |       |     4 |       ||     4
  Use: Scroll            |       |       |     5 ||     5
Armor: Robe              |     2 |       |       ||     2
       Leather armour    |     1 |    79 |   277 ||   357
Dodge: Dodged            |     5 |   134 |   233 ||   372
